 Dungeon Crawl Stone Soup version 0.19-a0-805-g0a78ef0 (webtiles) character file.

216 FrankyJ the Skirmisher (level 5, -5/28 HPs)
             Began as a Vine Stalker Chaos Knight on June 27, 2016.
             Slain by a wyvern (9 damage)
             ... on level 3 of the Dungeon.
             The game lasted 00:13:11 (2057 turns).

FrankyJ the Skirmisher (Vine Stalker Chaos Knight)  Turns: 2057, Time: 00:13:12

Health: -5/28      AC: 18    Str: 15    XL:     5   Next: 93%
Magic:  0/6        EV:  5    Int: 12    God:    Xom [......]
Gold:   260        SH:  0    Dex: 14    Spells: 0 memorised, 4 levels left

rFire  . . .     SeeInvis .     a - +0 short sword (chaos)
rCold  + . .     Gourm    .     y - +3 plate armour
rNeg   . . .     Faith    .     (no shield)
rPois  .         Spirit   +     w - +0 helmet
rElec  .         Dismiss  .     (no cloak)
rCorr  .         Reflect  .     u - +2 pair of gloves
SustAt .         Harm     .     (no boots)
MR     .....                    (no amulet)
Stlth  ..........               q - ring of protection from cold
                                r - ring of wizardry

@: contaminated, glowing, drained, not resistant to hostile enchantments,
extremely unstealthy
A: fangs 2, molten scales 1, blurry vision 1, regeneration 1, magic shield,
antimagic bite, no device heal 3, rot immunity
a: Renounce Religion


You were on level 3 of the Dungeon.
You worshipped Xom.
You were a very special plaything of Xom.
You were not hungry.

You visited 1 branch of the dungeon, and saw 3 of its levels.

You collected 260 gold pieces.

Inventory:

Hand Weapons
 a - a +0 short sword of chaos (weapon)
 b - a +1 flail of crushing
 d - a +0 dagger of venom
 m - a +3 dagger
Missiles
 t - 7 tomahawks (quivered)
 D - 4 javelins
Armour
 i - a +2 hat
 s - a +1 ring mail of magic resistance
 u - a +2 pair of gloves (worn)
 w - a +0 helmet (worn)
 y - a +3 plate armour (worn)
 z - a +0 ice dragon armour
Jewellery
 q - a ring of protection from cold (right hand)
 r - a ring of wizardry (left hand)
Scrolls
 e - a scroll of remove curse
 j - a scroll of magic mapping {unknown}
 l - a scroll of fog
Potions
 g - a potion of curing
 k - a potion of might {unknown}
 n - a potion of mutation {unknown}
 o - a potion of agility {unknown}
 p - a potion of resistance {unknown}
 v - a potion of invisibility {unknown}
 A - a potion of degeneration {unknown}
 B - a potion of brilliance {unknown}
 C - a potion of magic {unknown}
Comestibles
 c - 2 bread rations
 f - 5 chunks of flesh
 x - a meat ration


   Skills:
 + Level 3.4(2.9) Fighting
 + Level 3.1(2.6) Short Blades
 + Level 2.2(1.7) Armour
 * Level 3.3(2.8) Dodging
 + Level 1.6(1.2) Stealth


You had 4 spell levels left.
You didn't know any spells.

Dungeon Overview and Level Annotations

Branches:
Dungeon (3/15)

Altars:


Innate Abilities, Weirdness & Mutations

You have extremely sharp teeth.
Your natural rate of healing is unusually fast.
When hurt, damage is shared between your health and your magic reserves.
Your bite disrupts and absorbs the magic of your enemies.
Potions and wands cannot restore your health.
You are immune to rotting.
You are partially covered in molten scales. (AC +1)
Scrolls take you a little longer to read.


Message History

You hit the wyvern but do no damage. Your bite misses the wyvern.
The wyvern is moderately wounded.
The wyvern bites you but does no damage.
You hit the wyvern. You burn the wyvern. You bite the wyvern, but do no damage.
The wyvern is heavily wounded.
The wyvern closely misses you.
The wyvern bites you but does no damage.
You bump into the rock wall.
You feel less confused. The wyvern bites you.
* * * LOW HITPOINT WARNING * * *
The wyvern bites you but does no damage.
You hit the wyvern. You burn the wyvern.
The wyvern is severely wounded.
The wyvern bites you but does no damage.
You hit the wyvern. You freeze the wyvern.
The wyvern is almost dead.
The wyvern hisses menacingly.
The wyvern bites you!
You die...

######...###).)..........##
#.......#....##............
#.......#.#####............
..........# ##...........
#........#######...........
#..........................
#.......#######.#..###.....
#.......#### #..#..........
.........l@###.#.....###...
#.......##.................
#.......##..##.#....##.....
######l(.#........####.....
.............# #.<...
.....>.......#####.....
#.......................
.............######.....
........## #.....


You could see a wyvern.

Vanquished Creatures
  An orc priest (D:3)
  An iguana (D:2)
  5 adders
  3 oozes
  4 worms (D:2)
  4 dart slugs
  2 giant geckos
  2 orcs
  A giant cockroach (D:2)
  9 goblins
  9 hobgoblins
  7 jackals
  2 quokkas
  2 ball pythons
  10 bats
  5 giant newts
  8 kobolds
  14 rats
89 creatures vanquished.

Notes
Turn   | Place    | Note
--------------------------------------------------------------
     0 | D:1      | FrankyJ the Vine Stalker Chaos Knight began the quest for the Orb.
     0 | D:1      | Reached XP level 1. HP: 11/11 MP: 2/2
    33 | D:1      | XOM: potion effect (berserk rage)
    41 | D:1      | Reached skill level 1 in Dodging
    41 | D:1      | Reached XP level 2. HP: 4/16 MP: 0/3
   101 | D:1      | XOM: divination: magic mapping
   379 | D:1      | Reached XP level 3. HP: 19/19 MP: 4/4
   522 | D:1      | Reached skill level 1 in Stealth
   826 | D:2      | Reached XP level 4. HP: 23/24 MP: 3/5
  1070 | D:2      | XOM: divination: detect items
  1087 | D:2      | XOM: scenery: 3 doors open
  1100 | D:2      | XOM: smoke on damage
  1256 | D:2      | XOM: god gift: scroll labeled QENTYBLUEHA {god gift}
  1515 | D:2      | XOM: draining
  1538 | D:2      | XOM: confuse monster(s)
  1540 | D:2      | Reached XP level 5. HP: 13/28 MP: 2/6
  1820 | D:3      | XOM: god gift: runed plate armour {god gift}
  1929 | D:3      | XOM: severe Tmut miscast
  1941 | D:3      | Noticed a wyvern
  1974 | D:3      | Gained mutation: You are partially covered in molten scales. (AC +1) [mutagenic glow]
  1989 | D:3      | XOM: confuse monster(s)
  2028 | D:3      | Gained mutation: Scrolls take you a little longer to read. [mutagenic glow]
  2049 | D:3      | XOM: confusion
  2051 | D:3      | Xom revived you
  2057 | D:3      | Slain by a wyvern

Vault maps used:
D:1:      erik_arrival_orb_chamber
D:2:      serial_glass, glass_columns_b, glass_columns_c, glass_columns_c,
          glass_columns_c, glass_columns_a, glass_columns_b, glass_columns_b,
          glass_columns_a, glass_columns_b, glass_columns_c,
          minmay_joined_circles
D:3:      st_stairs_4

Skill      XL: |  1  2  3  4  5 |
---------------+----------------+-----
Dodging        | 1 2 3 |  3.3
Short Blades   | 3 |  3.1
Fighting       | 3 |  3.4
Stealth        | 1 |  1.6
Armour         | 2 |  2.2

Action                   |  1- 3 |  4- 6 || total
-------------------------+-------+-------++-------
Melee: Short sword       |    84 |     4 ||    88
       Bite              |    23 |    42 ||    65
       Dagger            |    40 |   161 ||   201
  Use: Scroll            |       |    11 ||    11
       Potion            |       |     1 ||     1
 Stab: Sleeping          |     2 |       ||     2
       Distracted        |     2 |       ||     2
       Confused          |       |     1 ||     1
  Eat: Chunk             |     1 |     4 ||     5
Armor: Leather armour    |    27 |    16 ||    43
       Ring mail         |       |    47 ||    47
       Plate armour      |       |    25 ||    25
Dodge: Dodged            |    58 |    94 ||   152
